 Dungeon Crawl Stone Soup version 0.22.0 (webtiles) character file.

2996 Execuda the Cleaver (level 10, -4/80 HPs)
             Began as a Human Berserker on Aug 12, 2018.
             Was an Elder of Trog.
             Slain by a wolf (5 damage)
             ... led by Grum
             ... on level 8 of the Dungeon.
             The game lasted 00:09:56 (8344 turns).

Execuda the Cleaver (Human Berserker)               Turns: 8344, Time: 00:09:57

Health: -4/80      AC: 14    Str: 20    XL:     10   Next: 9%
Magic:  10/10      EV:  3    Int:  7    God:    Trog [****..]
Gold:   365        SH:  7    Dex: 14    Spells: 9/9 levels left

rFire    . . .     SeeInvis .   a - +0 hand axe
rCold    . . .     Gourm    .   q - +0 shield
rNeg     + . .     Faith    .   m - +0 plate armour
rPois    .         Spirit   .   f - +0 helmet
rElec    .         Reflect  .   e - +0 cloak
rCorr    .         Harm     .   r - +0 pair of gloves
MR       .....                  (no boots)
Stlth    ..........             l - amulet of the acrobat
HPRegen  0.23/turn              A - ring of positive energy
MPRegen  0.12/turn              (no ring)

@: berserk cooldown, slowed, very slow
A: no striking features
a: Berserk, Trog's Hand, Brothers in Arms, Renounce Religion


You were on level 8 of the Dungeon.
You worshipped Trog.
Trog was greatly pleased with you.
You were not hungry.

You visited 1 branch of the dungeon, and saw 8 of its levels.

You collected 365 gold pieces.

Inventory:

Hand Weapons
 a - a +0 hand axe (weapon)
Armour
 e - a +0 cloak (worn)
 f - a +0 helmet (worn)
 m - a +0 plate armour (worn)
 q - a +0 shield (worn)
 r - a +0 pair of gloves (worn)
Jewellery
 l - an amulet of the acrobat (around neck)
 o - an uncursed ring of ice
 u - an uncursed ring of ice
 A - a ring of positive energy (left hand)
Wands
 y - a wand of polymorph (13)
Scrolls
 h - a scroll of amnesia {unknown}
 i - a scroll of magic mapping {unknown}
 j - 8 scrolls of remove curse
 k - 6 scrolls of teleportation
 p - 2 scrolls of fear
 t - a scroll of noise {unknown}
 w - 2 scrolls of enchant armour {unknown}
Potions
 b - 2 potions of curing
 d - a potion of agility
 g - 3 potions of flight
 n - a potion of brilliance
 s - 4 potions of resistance
 v - a potion of degeneration {unknown}
 x - a potion of might {unknown}
 z - a potion of haste
 B - a potion of ambrosia {unknown}
Comestibles
 c - 16 rations


   Skills:
 + Level 8.2 Fighting
 * Level 11.2 Axes
 - Level 2.0 Armour
 - Level 2.0 Dodging


You had 9 spell levels left.
You didn't know any spells.
Your spell library was empty.

Dungeon Overview and Level Annotations

Branches:
Dungeon (8/15)             Temple (0/1) D:5
   Lair: D:8-11

Altars:
Fedhas
Okawaru
Vehumet

Annotations:
D:8 Grum


Message History

The phantom hits something.
The phantom blinks!
The hound bites something.
You hear a shout!
You feel better.
Grum glances around and shouts, "Rover!
Here boy!"
Grum hits you but does no damage. The wolf bites you but does no damage.
The hound bites you.
* * * LOW HITPOINT WARNING * * *
Your ogre closely misses Grum.
Grum hits you from afar with a spear!
* * * LOW HITPOINT WARNING * * *
The phantom blinks!
You block the wolf's attack.
Okay, then.
You feel better. The hound bites you.
* * * LOW HITPOINT WARNING * * *
The wolf bites you.
* * * LOW HITPOINT WARNING * * *
Your ogre hits Grum but does no damage. The hound bites you but does no damage.
Grum hits you from afar with a spear.
* * * LOW HITPOINT WARNING * * *
The wolf bites you.
You die...

#..# ##.# #.#
#.# ####
#.##.....
#.....#
#.###.###
#.#.....#
#####@#.)...####
#...(hhO........
#.#####g....## #
##....§##...
#....$.....#
#.##†.......
.........###>.#
####.##..# .# #[
...#


You could see Grum, a wolf, a hound and a friendly ogre (berserk).

Vanquished Creatures
  Edmund (D:6)
  4 sky beasts
  An eye of draining (D:6)
  A necrophage (D:7)
  An orc warrior (D:6)
  2 ogres
  2 ice beasts
  3 wolves (D:8)
  A centaur (D:6)
  Blork the orc (D:4)
  A gnoll sergeant (D:7)
  3 scorpions
  6 killer bees (D:8)
  3 crimson imps
  A bullfrog zombie (D:5)
  A bullfrog skeleton (D:8)
  3 hounds
  2 orc priests
  2 centaur skeletons
  An iguana (D:6)
  4 orc wizards
  Natasha (thrice) (D:2)
  2 worker ants
  A killer bee zombie (D:7)
  2 hound skeletons
  Robin (D:4)
  14 adders
  5 gnolls (D:7)
  3 adder skeletons
  4 worms
  4 leopard geckos
  27 orcs
  11 giant cockroaches
  18 goblins
  18 hobgoblins
  21 jackals
  8 kobolds
  A quokka (D:3)
  4 ball pythons
  9 bats
  7 frilled lizards
  A leopard gecko skeleton (D:7)
  8 rats
  A plant (D:1)
217 creatures vanquished.

Vanquished Creatures (others)
  A bush (D:4)
1 creature vanquished.

Grand Total: 218 creatures vanquished

Notes
Turn   | Place    | Note
-------+----------+-------------------------------------------
     0 | D:1      | Execuda the Human Berserker began the quest for the Orb.
     0 | D:1      | Reached XP level 1. HP: 18/18 MP: 1/1
   157 | D:1      | Reached XP level 2. HP: 20/24 MP: 2/2
   353 | D:1      | Reached XP level 3. HP: 29/29 MP: 3/3
   529 | D:1      | Reached ** piety under Trog
   664 | D:1      | Reached skill level 4 in Axes
  1004 | D:2      | You fall through a shaft for 2 floors!
  1029 | D:4      | Reached XP level 4. HP: 37/37 MP: 4/4
  1269 | D:3      | Reached XP level 5. HP: 42/42 MP: 5/5
  1710 | D:2      | Noticed Natasha
  1732 | D:2      | Reached skill level 5 in Axes
  1734 | D:2      | Reached *** piety under Trog
  1739 | D:2      | Killed Natasha
  1876 | D:2      | Noticed Natasha
  1882 | D:2      | Killed Natasha
  1984 | D:2      | Reached XP level 6. HP: 47/48 MP: 6/6
  1994 | D:2      | Noticed Natasha
  2001 | D:2      | Killed Natasha
  3085 | D:3      | Reached skill level 6 in Axes
  3553 | D:4      | Reached XP level 7. HP: 50/55 MP: 7/7
  3557 | D:4      | Reached **** piety under Trog
  3633 | D:4      | Noticed Blork the orc
  3643 | D:4      | Killed Blork the orc
  3643 | D:4      | Reached skill level 5 in Fighting
  3730 | D:4      | Noticed Robin
  3751 | D:4      | Killed Robin
  4151 | D:4      | Found a radiant altar of Vehumet.
  4151 | D:4      | Found a blossoming altar of Fedhas.
  4151 | D:4      | Found an iron altar of Okawaru.
  4489 | D:4      | Reached skill level 7 in Axes
  4569 | D:5      | Entered Level 5 of the Dungeon
  4647 | D:5      | Found a staircase to the Ecumenical Temple.
  4874 | D:5      | Reached XP level 8. HP: 63/63 MP: 8/8
  5128 | D:5      | Found an iron altar of Okawaru.
  5606 | D:6      | Reached skill level 8 in Axes
  6236 | D:6      | Noticed Edmund
  6246 | D:6      | Killed Edmund
  6246 | D:6      | Reached skill level 9 in Axes
  6246 | D:6      | Reached XP level 9. HP: 71/71 MP: 9/9
  6856 | D:7      | Reached skill level 10 in Axes
  7641 | D:7      | Reached ***** piety under Trog
  8310 | D:8      | Noticed Grum
  8321 | D:8      | Reached skill level 11 in Axes
  8321 | D:8      | Reached XP level 10. HP: 36/78 MP: 10/10
  8334 | D:8      | HP: 5/117 [Grum/spear (6)]
  8343 | D:8      | HP: 4/80 [Grum/spear (8)]
  8344 | D:8      | HP: 1/80 [Grum/spear (3)]
  8344 | D:8      | Slain by a wolf

Skill      XL: |  1  2  3  4  5  6  7  8  9 |
---------------+----------------------------+-----
Axes           | 4 5 6 7 9 11 | 11.2
Fighting       | 4 5 6 8 |  8.2
Armour         | |  2.0
Dodging        | |  2.0

Action                   |  1- 3 |  4- 6 |  7- 9 | 10-12 || total
-------------------------+-------+-------+-------+-------++-------
Melee: Hand axe          |   153 |   219 |   588 |    12 ||   972
Invok: Berserk           |     4 |     7 |    11 |       ||    22
       Trog's Hand       |       |       |     1 |       ||     1
       Brothers in Arms  |       |       |       |     1 ||     1
  Use: Scroll            |       |       |    10 |       ||    10
       Potion            |       |       |     1 |     4 ||     5
 Stab: Sleeping          |       |     1 |       |       ||     1
  Eat: Chunk             |     3 |    15 |    17 |       ||    35
       Ration            |       |       |     3 |       ||     3
Armor: Animal skin       |    14 |     4 |       |       ||    18
       Plate armour      |       |   108 |   242 |    25 ||   375
       Skin              |       |       |    42 |       ||    42
Dodge: Dodged            |    47 |    98 |    75 |     5 ||   225
Block: Shield            |       |     7 |   182 |    14 ||   203
